AoeStats
← 恆浪蕩

MegaRandom

508259044Analyzed
4v4 RM · 10d ago on Sep 21, 2026· 54m 55s· 8 players
Game mode
Random Map
Map size
Large (8 player)
Population
200
Speed
Normal
Resources
Standard
Victory
Conquest
Starting age
Dark Age
Ending age
Imperial Age
RankedLock teamsTeams togetherTeam positionsShared explorationLock speedFull tech treeHidden civsTurbo modeCheats
Victory
Defeat
🇦🇷 Khmer · Argentina
1658
+13
🇭🇰 Bohemians · Hong Kong SAR China
1582
+16
🇹🇼 Saracens · Taiwan
1570
+16
🇹🇼 Burmese · Taiwan
1566
+17
1726
-22
🇯🇵 Georgians · Japan
1596
-16
🇲🇽 Byzantines · Mexico
1555
-14
🇻🇳 Ethiopians · Vietnam
1444
-10
Manu
7:32 Loom
9:58 Feudal Age
11:02 Double-Bit Axe
12:31 Horse Collar
15:38 Wheelbarrow
17:52 Fletching
23:35 Castle Age
22:23 Gold Mining
24:19 Husbandry
35:29 Scale Barding Armor
36:16 Forging
39:59 Gold Shaft Mining
45:16 Imperial Age
43:42 Chain Barding Armor
43:42 Bodkin Arrow
44:56 Chain Barding Armor
44:59 Ballistics
46:02 Bracer
47:04 Chemistry
46:27 Conscription
45:31 Heavy Camel Rider
47:30 Plate Barding Armor
49:07 Bow Saw
JIJINz
9:09 Feudal Age
7:25 Loom
10:35 Double-Bit Axe
10:31 Horse Collar
18:35 Scale Barding Armor
22:44 Castle Age
22:10 Bloodlines
22:24 Gold Mining
23:05 Forging
24:00 Chain Barding Armor
24:43 Husbandry
28:51 Wheelbarrow
33:41 Fletching
35:01 Bodkin Arrow
37:13 Sanctity
38:13 Svan Towers
38:45 Guard Tower
39:20 Ballistics
40:21 Guard Tower
44:11 Town Watch
48:29 Imperial Age
47:19 Iron Casting
47:40 Padded Archer Armor
47:36 Elite Skirmisher
49:20 Leather Archer Armor
49:14 Bracer
50:16 Chemistry
49:02 Arrowslits
51:30 Keep
52:46 Block Printing
53:09 Conscription
trói em vào cột điện
9:30 Loom
11:44 Feudal Age
16:02 Castle Age
15:33 Double-Bit Axe
16:03 Horse Collar
17:29 Bow Saw
24:50 Scale Mail Armor
27:09 Wheelbarrow
27:22 Chain Mail Armor
27:26 Forging
36:39 Imperial Age
37:14 Chain Mail Armor
37:34 Iron Casting
38:17 Conscription
39:42 Scale Barding Armor
40:13 Iron Casting
40:08 Plate Mail Armor
40:49 Hand Cart
40:54 Squires
40:40 Arson
40:51 Elite Gbeto
42:33 Chain Barding Armor
41:36 Cavalier
43:10 Bloodlines
43:01 Husbandry
43:54 Farimba
45:38 Plate Barding Armor
44:54 Fletching
49:06 Chemistry
50:40 Bodkin Arrow
50:36 Light Cavalry
54:16 Masonry
TạNgànCân
6:27 Loom
9:09 Feudal Age
9:35 Double-Bit Axe
20:13 Fletching
25:23 Castle Age
23:37 Horse Collar
23:49 Gold Mining
25:10 Padded Archer Armor
25:32 Crossbowman
26:25 Bodkin Arrow
26:47 Leather Archer Armor
34:15 Gold Shaft Mining
34:58 Ballistics
37:47 Bow Saw
38:24 Wheelbarrow
41:58 Imperial Age
40:00 Stone Mining
42:12 Stone Shaft Mining
42:02 Arbalester
42:46 Bracer
43:16 Ring Archer Armor
44:07 Chemistry
44:40 Elite Skirmisher
45:32 Thumb Ring
45:46 Elite Skirmisher
53:04 Squires
羅鈸棒
6:39 Loom
8:56 Feudal Age
16:42 Horse Collar
19:49 Forging
25:13 Castle Age
23:25 Gold Mining
24:17 Bloodlines
25:14 Light Cavalry
25:55 Husbandry
33:06 Scale Barding Armor
33:05 Town Watch
34:12 Heavy Plow
35:36 Chain Barding Armor
38:36 Wheelbarrow
43:15 Imperial Age
43:25 Iron Casting
43:39 Padded Archer Armor
45:28 Conscription
44:37 Elite Arambai
46:07 Hussar
47:18 Hand Cart
48:08 Plate Barding Armor
50:44 Chemistry
53:13 Blast Furnace
Sean
3:53 Loom
5:38 Loom
8:55 Feudal Age
11:45 Fletching
22:20 Castle Age
22:13 Padded Archer Armor
22:24 Crossbowman
22:59 Bodkin Arrow
24:26 Ballistics
26:16 Chemistry
25:58 Bodkin Arrow
30:11 Double-Bit Axe
31:38 Town Watch
32:14 Horse Collar
38:36 Imperial Age
36:42 Wheelbarrow
39:21 Bracer
39:40 Arbalester
默默默默默
7:25 Loom
11:07 Feudal Age
14:14 Castle Age
14:28 Double-Bit Axe
17:15 Fletching
21:44 Bodkin Arrow
22:44 Padded Archer Armor
24:17 Bloodlines
25:11 Ballistics
25:24 Husbandry
26:40 Leather Archer Armor
30:36 Bow Saw
37:40 Imperial Age
37:48 Heavy Cavalry Archer
39:23 Bracer
40:35 Parthian Tactics
40:30 Gold Mining
41:31 Ring Archer Armor
42:27 Chemistry
42:04 Horse Collar
43:32 Wheelbarrow
44:07 Gold Shaft Mining
43:24 Stone Mining
43:36 Heavy Plow
49:48 Coinage
49:36 Hand Cart
51:55 Crop Rotation
51:35 Caravan
54:31 Banking
恆浪蕩
5:39 Loom
8:55 Feudal Age
9:37 Double-Bit Axe
17:57 Wheelbarrow
21:37 Castle Age
20:26 Scale Barding Armor
20:59 Bloodlines
20:57 Horse Collar
21:11 Gold Mining
22:14 Forging
22:27 Bow Saw
22:19 Husbandry
26:33 Gold Shaft Mining
29:49 Heavy Plow
31:00 Chain Barding Armor
34:15 Iron Casting
39:19 Imperial Age
38:11 Hand Cart
39:23 Heavy Camel Rider
40:41 Plate Barding Armor
40:14 Stone Mining
41:00 Treadmill Crane
42:21 Blast Furnace
41:40 Elite Mameluke
42:59 Conscription
42:48 Town Watch
44:38 Chemistry
46:16 Siege Engineers
45:39 Light Cavalry
48:02 Two-Man Saw
47:36 Caravan
48:06 Hussar
48:38 Fletching
49:27 Town Patrol
49:49 Ballistics
49:25 Bodkin Arrow
50:35 Bracer
50:30 Murder Holes
50:46 Masonry
51:09 Fortified Wall
52:03 Hoardings
51:40 Bimaristan
51:41 Counterweights
53:04 Coinage
53:56 Banking
Connection lost

Rejoining the realm…

Still unreachable

The connection could not be restored.

Session expired

The server has moved on; the page needs a fresh start.